 Dungeon Crawl Stone Soup version 0.29-a0-284-gf9362112df (webtiles) character file.

Game seed: 9419363309110247106

7 spaghetti the Digger (level 1, 0/13 HPs)
             Began as a Demonspawn Earth Elementalist on Mar 20, 2022.
             Slain by a hobgoblin (3 damage)
             ... on level 1 of the Dungeon.
             The game lasted 00:00:35 (888 turns).

spaghetti the Digger (Demonspawn Earth Elementalist) Turns: 888, Time: 00:00:36

Health: 0/13       AC:  2    Str:  8    XL:     1   Next: 91%
Magic:  3/3        EV: 12    Int: 16    God:
Gold:   0          SH:  0    Dex: 13    Spells: 3/4 levels left

rFire   . . .      SeeInvis .   f - +0 hand axe {axe}
rCold   . . .      Faith    .   (no shield)
rNeg    . . .      Spirit   .   b - +0 robe
rPois   .          Reflect  .   (no helmet)
rElec   .          Harm     .   (no cloak)
rCorr   .          Rampage  .   (no gloves)
Will    .....                   (no boots)
Stlth   ++........              (no amulet)
HPRegen 0.04/turn               (no ring)
MPRegen 0.08/turn               (no ring)

@: no status effects
A: no striking features
a: no special abilities


You were on level 1 of the Dungeon.
You visited 1 branch of the dungeon, and saw 1 of its levels.


   Skills:
 - Level 1.7 Dodging
 + Level 2.5 Stealth
 - Level 2.0 Spellcasting
 - Level 0.8 Transmutations
 - Level 2.6 Earth Magic


You had 3 spell levels left.
You knew the following spells:

 Your Spells              Type           Power      Damage    Failure   Level
a - Sandblast             Erth           20%        2d7       7%          1

Your spell library contained the following spells:

 Spells                   Type           Power      Damage    Failure   Level
 Passwall                 Tmut/Erth      5%         N/A       16%         2
 Stone Arrow              Conj/Erth      10%        3d7       34%         3
 Petrify                  Tmut/Erth      7%         N/A       69%         4

Inventory:

Hand Weapons
 e - a +0 dagger {short}
   (You took it off a kobold on level 1 of the Dungeon)
 f - a +0 hand axe (weapon) {axe}
   (You found it on level 1 of the Dungeon)
Missiles
 a - 47 stones {throwing}
Armour
 b - a +0 robe (worn)
Potions
 c - a potion of magic
 d - a potion of curing {unknown}
 g - a potion of brilliance {unknown}

Dungeon Overview and Level Annotations

Branches:
Dungeon (1/15)

Altars:

###+# #...# #...#
#######g..####
......)@.....####
####....)........
#.........###
.......$..###
..###.#....# #
#.#....# ..#....#
#########


You could see a hobgoblin.


Message History

You barely miss the ball python. The ball python bites you.
The ball python constricts you. The ball python barely misses you.
The ball python constricts you. 😕 HP[-1]
You take 1 damage, and now have 10/13 hp.
You hit the ball python.
You kill the ball python!
You start resting. 😎 HP[+3]
Your hp is fully restored (13).
g - a scroll labelled HECVUGG UGREBB A kobold comes into view.
It is wielding a +0 dagger.
A kobold is nearby!
As you read the scroll labelled HECVUGG UGREBB, it crumbles to dust.
You hear a loud clanging noise!
It was a scroll of noise.
You hit the kobold but do no damage. The kobold hits you with a +0 dagger.
The kobold barely misses you. 😮 HP[-4]
You take 4 damage, and now have 9/13 hp.
MASSIVE DAMAGE!! (PAUSE)
You barely miss the kobold. The kobold hits you with a +0 dagger.
You hit the kobold.
The kobold hits you with a +0 dagger. 😮 HP[-2]
You take 2 damage, and now have 7/13 hp.
You hit the kobold but do no damage. The kobold hits you with a +0 dagger.
* * * LOW HITPOINT WARNING * * *
😨 HP[-1]
You take 1 damage, and now have 6/13 hp.
You closely miss the kobold. The kobold closely misses you.
The kobold barely misses you.
You barely miss the kobold. The kobold closely misses you.
You hit the kobold.
You kill the kobold!
Things that are here:
a +0 dagger {short}; a kobold corpse You start resting. 😎 HP[+7]
Your hp is fully restored (13).
Key pressed, stopping explore.
Key pressed, stopping explore.
You open the door.
There is an open door here.
An endoplasm comes into view.
The endoplasm quivers.
The endoplasm freezes you.
You are frozen. 😮 HP[-5]
You take 5 damage, and now have 8/13 hp.
MASSIVE DAMAGE!! (PAUSE)
You hit the endoplasm. The endoplasm closely misses you.
The endoplasm hits you.
* * * LOW HITPOINT WARNING * * *
😨 HP[-3]
You take 3 damage, and now have 5/13 hp.
MASSIVE DAMAGE!! (PAUSE)
You hit the endoplasm.
You kill the endoplasm!
You start resting. 😎 HP[+8]
Your hp is fully restored (13).
You open the door.
There is an open door here.
g - an emerald potion Key pressed, stopping explore.
a - 47 stones {throwing} (gained 17)
h - a scroll labelled OTEHITUREM
As you read the scroll labelled OTEHITUREM, it crumbles to dust.
You feel strangely unstable.
It was a scroll of teleportation.
Your surroundings suddenly seem different. 2 goblins and a hobgoblin come into view.
Unknown command.
Unknown command.
The helpless goblin fails to defend itself.
You hit the goblin.
You kill the goblin!
The hobgoblin shouts!
Things that are here:
a +0 dagger {short}; a goblin corpse The goblin shouts!
You hit the hobgoblin but do no damage.
The hobgoblin hits you but does no damage. x2
You hit the hobgoblin but do no damage. You completely miss the goblin.
The hobgoblin hits you. The goblin barely misses you. 😕 HP[-3]
You take 3 damage, and now have 10/13 hp.
MASSIVE DAMAGE!! (PAUSE)
You closely miss the hobgoblin. You closely miss the goblin.
The hobgoblin hits you.
* * * LOW HITPOINT WARNING * * *
The goblin hits you with a +0 club.
* * * LOW HITPOINT WARNING * * *
😱 HP[-7]
You take 7 damage, and now have 3/13 hp.
MASSIVE DAMAGE!! (PAUSE)
You hit the hobgoblin. You hit the goblin.
You kill the goblin!
The hobgoblin hits you.
You die...

Skill      XL: |  1 |
---------------+----+-----
Stealth        | 2 |  2.5
Dodging        | |  1.7
Spellcasting   | |  2.0
Transmutations | |  0.8
Earth Magic    | |  2.6

Action                   || total
-------------------------++-------
Melee: Hand axe          ||    28
       Unarmed           ||     5
  Use: Scroll            ||     2
 Stab: Sleeping          ||     1
Armor: Robe              ||     6
Dodge: Dodged            ||    19

Levels and vault maps discovered:
D:1:      dpeg_arrival_arbitrary_c, layout_loops_corners

Notes
Turn   | Place    | Note
-------+----------+-------------------------------------------
     0 | D:1      | spaghetti the Demonspawn Earth Elementalist began the quest
                  | for the Orb.
     0 | D:1      | Reached XP level 1. HP: 13/13 MP: 3/3
     0 | D:1      | magus.rc [v1.9.6]
   132 | D:1      | Reached skill level 2 in Stealth
   887 | D:1      | HP: 3/13 [goblin/+0 club (3)]
   888 | D:1      | Slain by a hobgoblin

Vanquished Creatures
  A dart slug (D:1)
  A ball python (D:1)
  An endoplasm (D:1)
  2 goblins (D:1)
  2 kobolds (D:1)
7 creatures vanquished.

Table legend:
 A = Non-vault XP
 B = Vault XP
 C = Vault XP percentage of total XP
 D = Non-vault monster count
 E = Vault monster count
 F = Vault count percentage of total count
                 A         B        C        D         E       F
            +---------+---------+-------+---------+---------+-------
      Total |      12 |       0 |   0.0 |       7 |       0 |   0.0
            +---------+---------+-------+---------+---------+-------
        D:1 |      12 |       0 |   0.0 |       7 |       0 |   0.0
            +---------+---------+-------+---------+---------+-------

Illustrated notes

Table legend:
 A = Kills in this place as a percentage of kills in entire the game.
 B = Kills by you in this place as a percentage of kills by you in the entire game.
 C = Kills by friends in this place as a percentage of kills by friends in the entire game.
 D = Other kills in this place as a percentage of other kills in the entire game.
 E = Experience gained in this place as a percentage of experience gained in the entire game.
 F = Experience gained in this place divided by the number of levels of this place that you have seen.
                   A       B       C       D       E      F
               +-------+-------+-------+-------+-------+----------------------
         Total | 100.0 | 100.0 |   N/A |   N/A | 100.0 |  12.0
       Dungeon | 100.0 | 100.0 |   N/A |   N/A | 100.0 |  12.0
               +-------+-------+-------+-------+-------+----------------------

Table legend: (Time is in decaauts)
 A = Elapsed time spent in this place.
 B = Non-inter-level travel time spent in this place.
 C = Inter-level travel time spent in this place.
 D = Time resting spent in this place.
 E = Time spent auto-exploring this place.
 F = Levels seen in this place.
 G = Mean time per level.
                   A        B        C        D        E       F      G
               +--------+--------+--------+--------+--------+-----+--------+
         Total |    895 |    895 |      0 |    543 |    270 |   1 |  895.0 |
       Dungeon |    895 |    895 |      0 |    543 |    270 |   1 |  895.0 |
               +--------+--------+--------+--------+--------+-----+--------+

Top non-repeatable levels by time:
     D:1: 895 daAuts
